 Dungeon Crawl Stone Soup version 0.25.1-11-g244df3a29b (webtiles) character file.

Game seed: 5388430414689855641

3724 tkbsonic5 the Conjurer (level 10, -4/65 HPs)
             Began as an Octopode Conjurer on Dec 2, 2022.
             Was a Priest of Nemelex Xobeh.
             Slain by a wyvern (6 damage)
             ... summoned by the player character
             ... on level 8 of the Dungeon.
             The game lasted 00:43:14 (6799 turns).

tkbsonic5 the Conjurer (Octopode Conjurer)          Turns: 6799, Time: 00:43:15

Health: -4/65      AC:  5    Str:  7    XL:     10   Next: 14%
Magic:  11/18      EV: 13    Int: 21    God:    Nemelex Xobeh [***...]
Gold:   237        SH:  0    Dex: 13    Spells: 2/19 levels left

rFire    x . .     SeeInvis .   w - +1 dagger (chaos)
rCold    + . .     Gourm    .   (no shield)
rNeg     . . .     Faith    .   (helmet restricted)
rPois    .         Spirit   .   (no amulet)
rElec    .         Reflect  .   o - +4 ring of protection
rCorr    .         Harm     .   u - ring of ice
MR       +....                  z - ring of protection from magic
Stlth    ++++......             (no ring)
HPRegen  0.20/turn              (no ring)
MPRegen  0.16/turn              (no ring)
                                (no ring)
                                (no ring)

@: lethally poisoned (-4 -> -17)
A: almost no armour, stealthy swim, amphibious, 8 rings, constrict 8, camouflage
1, gelatinous body 1
a: Draw Escape, Draw Destruction, Draw Summoning, Triple Draw, Renounce Religion


You were on level 8 of the Dungeon.
You worshipped Nemelex Xobeh.
Nemelex Xobeh was most pleased with you.
You were not hungry.

You visited 1 branch of the dungeon, and saw 8 of its levels.

You collected 510 gold pieces.
You spent 273 gold pieces at shops.

Inventory:

Hand Weapons
 d - a +0 dagger
 h - a +1 long sword
 w - a +1 dagger of chaos (weapon)
Missiles
 c - 2 throwing nets
 f - 33 poisoned darts (quivered)
 y - 11 javelins
Magical Staves
 v - an uncursed staff of cold
 A - an uncursed staff of air
Jewellery
 o - a +4 ring of protection (left tentacle)
 u - a ring of ice (right tentacle)
 z - a ring of protection from magic (on tentacle)
Wands
 s - a wand of flame (17)
Scrolls
 j - 2 scrolls of remove curse
 k - a scroll of amnesia
 m - 3 scrolls of teleportation
 p - 2 scrolls of enchant armour
 t - a scroll of immolation
Potions
 a - 3 potions of brilliance
 e - a potion of lignification
 g - 5 potions of curing
 i - a potion of cancellation
 l - a potion of magic
 n - a potion of resistance {unknown}
 r - a potion of flight
Comestibles
 b - 15 rations


   Skills:
 * Level 4.8 Fighting
 + Level 1.1 Throwing
 - Level 2.0 Dodging
 + Level 6.2 Stealth
 * Level 5.4 Spellcasting
 * Level 7.0 Conjurations
 * Level 3.4 Hexes
 * Level 3.9 Summonings
   Level 3.4 Translocations
 * Level 2.2 Ice Magic
 * Level 5.3 Invocations
 * Level 4.5 Evocations


You had 2 spell levels left.
You knew the following spells:

 Your Spells              Type           Power        Failure   Level  Hunger
a - Magic Dart            Conj           ####         1%          1    None
b - Searing Ray           Conj           #####.       1%          2    None
c - Dazzling Flash        Conj/Hex       ####..       3%          3    ##.....
d - Summon Ice Beast      Ice/Summ       ####....     28%         4    ####...
e - Call Canine Familiar  Summ           ###.....     6%          3    ##.....
f - Fulminant Prism       Conj/Hex       ####......   12%         4    ####...

Your spell library contained the following spells:

 Spells                   Type           Power        Failure   Level  Hunger
 Summon Small Mammal      Summ           ###.         1%          1    None
 Call Imp                 Summ           ###.....     3%          2    None
 Summon Guardian Golem    Hex/Summ       ###.....     7%          3    ##.....
 Iskenderun's Mystic Bla  Conj/Tloc      ####....     12%         4    ####...
 Summon Lightning Spire   Summ/Air       ##......     43%         4    ####...


Dungeon Overview and Level Annotations

Branches:
Dungeon (8/15)             Temple (0/1) D:5            Lair (0/6) D:8

Altars:
Fedhas
Kikubaaqudgha
Nemelex Xobeh
Uskayaw
Vehumet
Wu Jian
Xom
The Shining One

Shops:
D:4 ?   D:6 *

Annotations:
D:4 1 runed translucent door
D:7 1 runed translucent door, pokeman's ghost, novice DEWz
D:8 1 exclusion


Innate Abilities, Weirdness & Mutations

You cannot wear most types of armour.
You are very stealthy in the water. (Stealth+)
You are amphibious.
You can wear up to eight rings at the same time.
You can use your tentacles to constrict eight enemies at once.
Your skin changes colour to match your surroundings (Stealth+).
Your rubbery body absorbs attacks. (AC +1, EV +1)


Message History

Your wyvern misses the killer bee. The wyvern misses you.
Your wyvern bites the killer bee.
You fail to use your ability.
* * * LOW HITPOINT WARNING * * *
You feel sick.
The killer bee closely misses your wyvern.
The wyvern barely misses you.
Your wyvern bites the killer bee.
Your wyvern misses the killer bee. The wyvern bites you.
* * * LOW HITPOINT WARNING * * *
The killer bee stings your wyvern.
You fail to use your ability.
* * * LOW HITPOINT WARNING * * *
You feel sick.
The killer bee is no longer blind.
The killer bee closely misses your wyvern.
The wyvern barely misses you.
Your wyvern bites the killer bee!
The killer bee dies!
Your wyvern closely misses the killer bee.
The wyvern bites you.
You die...
Your body glows with a rainbow of weird colours and disappears.

,,,,,,,,,,,,,,,......##.#
,,,,,,,,,**,,,,.....#*#.##
,,,,,,,*****,,,....#* ##.#
##### ******** **,,...#*
#.##*#PPPP ***###*
##.##PPPPP ##..#Pl..P
#..##P.>.P ########
#.###P...P ##...l@l## ##.#


#PPPPP *#...y.†l.####.## #PPPPP ##.....l.....##.# #PPPP. ##.............#.#
#PPP.. #* #........††.....## #PPP.. .### ##...............# ##P...
...####................# ##... *#<....[.........(....## #..#
###..................# #### #.## You could see 2 wyverns, a killer bee and 2
friendly wyverns.

Vanquished Creatures
  Harold (D:8)
  Psyche (D:8)
  2 hippogriffs
  A spriggan (D:7)
  A basilisk (D:7)
  An ice beast (D:6)
  2 sky beasts
  An ogre (D:4)
  3 centaurs
  A wyvern skeleton (D:6)
  3 killer bees (D:8)
  3 wights (D:6)
  A crimson imp (D:8)
  A bullfrog zombie (D:7)
  A gnoll shaman (D:7)
  2 orc priests
  A bullfrog skeleton (D:7)
  An iguana (D:5)
  Terence (D:2)
  2 worker ants
  A gnoll (D:7)
  An adder (D:7)
  A shadow imp (D:7)
  2 adder skeletons
  2 worms
  2 dart slugs
  8 leopard geckos
  7 orcs
  9 bats
  8 giant cockroaches
  8 goblins
  7 hobgoblins
  4 jackals
  A quokka (D:2)
  3 ball pythons
  7 frilled lizards
  4 kobolds
  A quokka skeleton (D:5)
  3 rats (D:3)
109 creatures vanquished.

Vanquished Creatures (collateral kills)
  Maggie (D:6)
  A troll (D:6)
  A hungry ghost (D:7)
  An orc warrior (D:6)
  3 ice beasts (D:6)
  A necrophage (D:6)
  A phantom (D:6)
  An ogre (D:8)
  2 centaurs (D:6)
  2 killer bees (D:8)
  An orc priest (D:6)
  2 bullfrog skeletons (D:6)
  2 iguanas
  2 hound skeletons (D:6)
  A gnoll (D:7)
  An adder (D:6)
  A shadow imp (D:6)
  4 orcs
  A hobgoblin (D:7)
  A jackal (D:5)
30 creatures vanquished.

Vanquished Creatures (others)
  6 fulminant prisms
  23 plants (D:8)
29 creatures vanquished.

Grand Total: 168 creatures vanquished

Notes
Turn   | Place    | Note
-------+----------+-------------------------------------------
     0 | D:1      | tkbsonic5 the Octopode Conjurer began the quest for the
                  | Orb.
     0 | D:1      | Reached XP level 1. HP: 11/11 MP: 3/3
   160 | D:1      | Reached XP level 2. HP: 17/17 MP: 3/5
   197 | D:1      | Learned a level 2 spell: Searing Ray
   536 | D:1      | Reached XP level 3. HP: 21/21 MP: 3/6
   542 | D:1      | Learned a level 3 spell: Dazzling Flash
  1103 | D:2      | Noticed Terence
  1121 | D:2      | Killed Terence
  1315 | D:2      | Reached XP level 4. HP: 27/27 MP: 8/8
  2160 | D:3      | Found a sparkling altar of Nemelex Xobeh.
  2161 | D:3      | Found a hide-covered altar of Uskayaw.
  2167 | D:3      | Became a worshipper of Nemelex Xobeh the Trickster
  2216 | D:3      | Received a gift from Nemelex Xobeh
  2538 | D:3      | Found an ornate altar of the Wu Jian Council.
  2635 | D:3      | Reached skill level 1 in Invocations
  2997 | D:4      | Found a runed translucent door.
  2997 | D:4      | Noticed an angel
  3075 | D:4      | Found a glowing golden altar of the Shining One.
  3089 | D:4      | Reached * piety under Nemelex Xobeh
  3125 | D:4      | Found Puyfapn's Magic Scroll Emporium.
  3128 | D:4      | Bought a scroll of enchant armour for 90 gold pieces
  3128 | D:4      | Bought a scroll of identify for 24 gold pieces
  3128 | D:4      | Bought a scroll of identify for 24 gold pieces
  3148 | D:4      | Found a blossoming altar of Fedhas.
  3154 | D:4      | Noticed an ogre
  3161 | D:4      | Noticed a centaur
  3201 | D:4      | Killed an ogre
  3201 | D:4      | Reached skill level 1 in Fighting
  3201 | D:4      | Reached skill level 5 in Conjurations
  3201 | D:4      | Reached XP level 5. HP: 33/33 MP: 0/9
  3268 | D:4      | Killed a centaur
  3268 | D:4      | Reached XP level 6. HP: 25/38 MP: 1/11
  3406 | D:4      | Learned a level 4 spell: Iskenderun's Mystic Blast
  3551 | D:4      | Received a gift from Nemelex Xobeh
  3954 | D:5      | Entered Level 5 of the Dungeon
  3985 | D:5      | Noticed a sky beast
  4004 | D:5      | Killed a sky beast
  4099 | D:5      | Found a staircase to the Ecumenical Temple.
  4103 | D:5      | Noticed a hippogriff
  4113 | D:5      | Killed a hippogriff
  4113 | D:5      | Reached skill level 1 in Translocations
  4113 | D:5      | Reached skill level 1 in Evocations
  4113 | D:5      | Reached XP level 7. HP: 45/45 MP: 8/12
  4326 | D:5      | Reached ** piety under Nemelex Xobeh
  4337 | D:5      | Reached skill level 1 in Hexes
  4405 | D:5      | Learned a level 3 spell: Call Canine Familiar
  4623 | D:6      | HP: 1/45 [orc warrior/cursed -2 mace (16)]
  4655 | D:6      | Reached skill level 1 in Summonings
  4655 | D:6      | Reached XP level 8. HP: 51/51 MP: 1/14
  4678 | D:6      | Noticed Maggie
  4679 | D:6      | Reached skill level 5 in Stealth
  4685 | D:6      | Killed Maggie
  4685 | D:6      | Reached skill level 6 in Conjurations
  4700 | D:6      | Noticed a troll
  4708 | D:6      | Killed a troll
  4761 | D:6      | Reached XP level 9. HP: 47/57 MP: 15/15
  4885 | D:6      | Learned a level 4 spell: Fulminant Prism
  5143 | D:6      | Found Ynaum's Assorted Antiques.
  5154 | D:6      | Bought an ivory ring for 135 gold pieces
  5225 | D:6      | Found an ancient bone altar of Kikubaaqudgha.
  5308 | D:7      | Found a runed translucent door.
  5309 | D:7      | Noticed pokeman's ghost (novice DEWz)
  5366 | D:7      | Received a gift from Nemelex Xobeh
  5415 | D:7      | Identified the -1 quarterstaff of the Beast {protect,
                  | Dex+4}
  5560 | D:7      | Learned a level 4 spell: Summon Ice Beast
  5656 | D:7      | Reached skill level 5 in Spellcasting
  5933 | D:7      | Found a shimmering altar of Xom.
  6094 | D:7      | Found a radiant altar of Vehumet.
  6143 | D:8      | Noticed Psyche
  6151 | D:8      | Killed Psyche
  6151 | D:8      | Reached skill level 1 in Ice Magic
  6224 | D:8      | Found a staircase to the Lair.
  6225 | D:8      | Noticed a komodo dragon
  6277 | D:8      | Noticed Harold
  6392 | D:8      | Killed Harold
  6392 | D:8      | Reached skill level 1 in Throwing
  6392 | D:8      | Reached skill level 5 in Invocations
  6392 | D:8      | Reached XP level 10. HP: 35/65 MP: 1/18
  6439 | D:8      | Reached skill level 7 in Conjurations
  6639 | D:8      | Received a gift from Nemelex Xobeh
  6679 | D:8      | Reached *** piety under Nemelex Xobeh
  6799 | D:8      | HP: 2/65 [poisoned by a killer bee]
  6799 | D:8      | Slain by a wyvern

Illustrated notes

Levels and vault maps discovered:
D:1:      dpeg_arrival_round_b, layout_basic, minmay_tetromino_i2
D:2:      layout_loops_corners, uniq_terence
D:3:      layout_loops_ring, nicolae_overflow_crystal_walls,
          chequers_temple_overflow_statue_of_worship, first_ration
D:4:      layout_loops_cross, fedhas_bush_and_centaur_altar, serial_shops,
          nicolae_shop_trees, minivault_4, lemuel_angel_altar
D:5:      layout_rooms, minmay_temple_entry_trees
D:6:      cheibrodos_barr_body, layout_rooms, lemuel_doored_altar,
          minmay_shop_grid_forest, uniq_maggie
D:7:      layout_rooms, tgw_xom, kennysheep_mini_moat,
          ebering_ghost_reflecting_pool, the_bakery
D:8:      layout_cave_pods, david_lair_shrubbed, disabler_island, uniq_psyche,
          uniq_harold

Skill      XL: |  1  2  3  4  5  6  7  8  9 10 |
---------------+-------------------------------+-----
Stealth        | 3 4 5 6 |  6.2
Spellcasting   | 3 4 5 |  5.4
Invocations    | 1 2 3 4 5 |  5.3
Fighting       | 1 2 3 4 |  4.8
Conjurations   | 5 6 7 |  7.0
Translocations | 1 2 3 |  3.4
Evocations     | 1 2 3 4 |  4.5
Hexes          | 1 2 3 |  3.4
Summonings     | 1 2 3 |  3.9
Ice Magic      | 2 |  2.2
Throwing       | 1 |  1.1
Dodging        | |  2.0

Action                   |  1- 3 |  4- 6 |  7- 9 | 10-12 || total
-------------------------+-------+-------+-------+-------++-------
Melee: Unarmed           |     6 |       |       |       ||     6
       Constrict         |     7 |     7 |    11 |     1 ||    26
       Tentacles         |     5 |     6 |     6 |       ||    17
       Dagger            |    20 |     4 |       |     3 ||    27
       Long sword        |       |    21 |    35 |       ||    56
Throw: Dart              |    21 |    53 |    28 |       ||   102
 Cast: Magic Dart        |    25 |    33 |    21 |     1 ||    80
       Searing Ray       |     3 |     4 |     9 |     1 ||    17
       Dazzling Flash    |     1 |     5 |     7 |     3 ||    16
       Call Canine Famil |       |       |    11 |       ||    11
       Fulminant Prism   |       |       |     5 |     1 ||     6
       Summon Ice Beast  |       |       |     1 |       ||     1
Invok: Draw Destruction  |       |     3 |    13 |       ||    16
       Draw Summoning    |       |       |     5 |     1 ||     6
       Draw Escape       |       |       |     6 |       ||     6
Evoke: Wand              |       |       |     2 |       ||     2
  Use: Scroll            |     5 |     9 |     9 |     1 ||    24
       Potion            |       |       |     9 |       ||     9
 Stab: Sleeping          |     2 |     2 |     2 |       ||     6
       Invisible         |       |       |       |     1 ||     1
  Eat: Chunk             |     2 |     6 |       |       ||     8
       Ration            |       |     2 |     2 |       ||     4
Armor: Skin              |     7 |     3 |    60 |     2 ||    72
Dodge: Dodged            |    32 |    16 |    41 |    11 ||   100
       Rpst.: Long sword |       |     5 |     5 |       ||    10
